 Dungeon Crawl Stone Soup version 0.30.1-9-gdf580d7c3d (webtiles) character file.

Game seed: 1177635514097938428

3381 LowPressure the Martial Artist (level 9, -2/70 HPs)
             Began as a Yellow Draconian Transmuter on Oct 17, 2023.
             Was a Believer of Sif Muna.
             Slain by a jumping spider (12 damage)
             ... on level 8 of the Dungeon on Oct 21, 2023.
             The game lasted 00:30:57 (8603 turns).

LowPressure the Martial Artist (DrTm)               Turns: 8603, Time: 00:30:58

Health: -2/70      AC: 12    Str: 12    XL:     9   Next: 74%
Magic:  12/17      EV:  7    Int: 17    God:    Sif Muna [**....]
Gold:   48         SH:  0    Dex: 13    Spells: 4/19 levels left

rFire   . .          .
                       - Unarmed
rCold   . . .        (shield currently unavailable)
rNeg    . . .        (body armour unavailable)
rPois   .            (helmet restricted)
rElec   .            i - +0 cloak
rCorr   +            u - melded +0 pair of gloves
SInv    .            (no boots)
Will    +....        r - amulet of the acrobat
Stlth   ++           A - +4 ring of protection
HPRegen 0.31/turn    y - ring of willpower
MPRegen 0.15/turn

%: random rage (3%), acrobat
@: blade hands, on berserk cooldown, held, slowed, very slow
A: spit acid, AC +7, unfitting armour, cold-blooded, acid resistance, berserk 1
a: Breathe Acid, End Transformation, Renounce Religion, Channel Magic


You were on level 8 of the Dungeon.
You worshipped Sif Muna.
Sif Muna was pleased with you.
You had blades for hands.
You visited 2 branches of the dungeon, and saw 10 of its levels.

You collected 392 gold pieces.
You spent 344 gold pieces at shops.

Inventory:

Hand Weapons
 k - a +3 heavy spear
 v - a +3 rapier of holy wrath
Armour
 i - a +0 cloak (worn)
 u - a +0 pair of gloves (melded)
Jewellery
 r - an amulet of the acrobat (around neck)
 y - a ring of willpower (right blade hand)
 A - a +4 ring of protection (left blade hand)
 F - a +6 ring of dexterity
Wands
 n - a wand of iceblast (10)
 q - a wand of digging (6)
 t - a wand of flame (33)
 x - a wand of paralysis (6)
 B - a wand of polymorph (7)
Scrolls
 b - 2 scrolls of poison
 c - 5 scrolls of identify
 d - 2 scrolls of immolation
 e - 5 scrolls of teleportation
 g - 4 scrolls of noise
 m - a scroll of fog
 o - a scroll of enchant armour
 p - 3 scrolls of magic mapping
 s - a scroll of vulnerability
 w - 4 scrolls of amnesia
 C - a scroll of blinking
 D - a scroll of silence
Potions
 a - 2 potions of lignification
 f - a potion of berserk rage
 h - a potion of haste
 j - a potion of magic
 l - a potion of flight
 z - 2 potions of brilliance
 E - a potion of curing


   Skills:
 + Level 3.2 Fighting
 + Level 5.1 Dodging
 + Level 2.7 Stealth
 + Level 8.4 Unarmed Combat
 + Level 5.8 Spellcasting
 + Level 5.9 Transmutations
 + Level 3.9 Poison Magic


You had 4 spell levels left.
You knew the following spells:

 Your Spells              Type           Power      Damage    Failure   Level
a - Beastly Appendage     Tmut           50%        N/A       16%         1
b - Wereblood             Tmut           25%        N/A       21%         2
c - Spider Form           Tmut/Pois      21%        N/A       34%         3
d - Ice Form              Ice/Tmut       15%        N/A       78%         4
e - Blade Hands           Tmut           12%        N/A       75%         5

Your spell library contained the following spells:

 Spells                   Type           Power      Damage    Failure   Level
 Apportation              Tloc           8%         N/A       52%         1
 Necrotise                Necr           16%        1d4       52%         1
 Summon Small Mammal      Summ           16%        N/A       52%         1
 Olgreb's Toxic Radiance  Pois           18%        N/A       69%         4
 Dazzling Flash           Conj/Hex       8%         N/A       78%         3
 Portal Projectile        Hex/Tloc       8%         N/A       78%         3
 Tukima's Dance           Hex            4%         N/A       78%         3
 Volatile Blastmotes      Fire/Tloc      8%         2d10      78%         3
 Iskenderun's Mystic Bla  Conj/Tloc      4%         2d3       98%         4
 Starburst                Conj/Fire      2%         6d3       100%        6
 Discord                  Hex            2%         N/A       100%        8
 Ignition                 Fire           2%         3d3       100%        8


Dungeon Overview and Level Annotations

Branches:
Dungeon (9/15)             Temple (1/1) D:4
   Lair: D:8-11         Orc: D:9-12

Altars:
Ashenzari
Cheibriados
Dithmenos
Elyvilon
Fedhas
Gozag
Hepliaklqana
Kikubaaqudgha
Makhleb
Nemelex Xobeh
Okawaru
Qazlal
Ru
Sif Muna
Uskayaw
Vehumet
Wu Jian
Xom
Yredelemnul
Zin
The Shining One

Shops:
D:8 ?

Annotations:
D:4 exclusion: 2 downstairs


Innate Abilities, Weirdness & Mutations

You have blades for hands.
Your spellcasting is less reliable in this form.
You are incapable of wielding weapons or throwing items.
You can spit globs of acid.
Your golden yellow scales are hard. (AC +7)
You cannot fit into any form of body armour.
You are cold-blooded and may be slowed by cold attacks.
You are resistant to acid. (rCorr)
You sometimes lose your temper in combat.


Message History

The jumping spider is almost dead.
The jumping spider pounces on you! The jumping spider misses you.
The jumping spider leaps!
The jumping spider leaps!
The jumping spider completely misses you.
The jumping spider misses you.
You see here a +2 whip of electrocution.
You hit the jumping spider but do no damage.
The jumping spider is almost dead.
The jumping spider pounces on you but does no damage.
The jumping spider bites you. The jumping spider pounces on you!
The jumping spider bites you.
You hit the jumping spider.
The jumping spider is almost dead.
The jumping spider pounces on you but does no damage.
The jumping spider closely misses you. The jumping spider barely misses you.
The jumping spider bites you but does no damage.
Casting: Blade Hands (quite dangerous; 32% risk of failure)
Confirm with . or Enter, or press ? or * to list all spells.
The spell is quite dangerous to miscast (32% risk of failure)!
Continue anyway?
Okay, then.
Casting: Blade Hands (quite dangerous; 32% risk of failure)
Confirm with . or Enter, or press ? or * to list all spells.
The spell is quite dangerous to miscast (32% risk of failure)!
Continue anyway?
Your hands turn into razor-sharp scythe blades.
Your +0 pair of gloves melds into your body.
The jumping spider pounces on you! The jumping spider closely misses you.
The jumping spider pounces on you.
You are caught in a web!
The jumping spider bites you.
* * * LOW HITPOINT WARNING * * *
The jumping spider pounces on you.
* * * LOW HITPOINT WARNING * * *
You are even more entangled.
The jumping spider bites you.
* * * LOW HITPOINT WARNING * * *
You struggle to detach yourself from the web.
The jumping spider pounces on you!
* * * LOW HITPOINT WARNING * * *
The jumping spider bites you but does no damage.
The jumping spider pounces on you!
You die...

.........#....#
#..##......##8...
.##############
######.....# ##_# .#
#....## #### ## ##
#.....###... ##.##
#........... #...#
#...[..##### #.#
#......####.
#†#######......##...
#^[@s##8##......#...
##..#.'.#...##......
##.#.#8.....#..##..
#.#.####...##.###. ##.##
#...(...###. ###
#........#.. #...........
################........##.
#.....##.......#####....##.


You could see a jumping spider.

Vanquished Creatures
  A cyclops (D:8)
  A jumping spider (D:8)
  A wraith (D:8)
  Eustachio (D:4)
  A redback (D:8)
  2 water moccasins
  2 ice beasts
  2 sky beasts
  2 ogres
  A black bear (D:3)
  2 centaurs
  3 phantoms
  2 kobold brigands (D:8)
  A gnoll sergeant (D:5)
  A bullfrog (D:6)
  2 scorpions
  3 hounds
  An orc priest (D:7)
  4 jellies
  A gnoll bouda (D:5)
  8 iguanas
  Terence (D:3)
  3 orc wizards (D:7)
  3 adders
  9 gnolls
  A shadow imp (D:6)
  2 white imps
  4 ufetubi
  2 worms
  3 dart slugs
  10 orcs
  14 endoplasms
  5 giant cockroaches
  6 goblins
  8 hobgoblins
  5 jackals
  6 quokkas
  12 ball pythons
  4 bats
  4 frilled lizards
  18 kobolds
  5 rats
  A spectral orc (D:4)
168 creatures vanquished.

Notes
Turn   | Place    | Note
-------+----------+-------------------------------------------
     0 | D:1      | LowPressure the Draconian Transmuter began the quest for
                  | the Orb.
     0 | D:1      | Reached XP level 1. HP: 16/16 MP: 3/3
   120 | D:1      | Reached XP level 2. HP: 23/23 MP: 3/5
   151 | D:1      | Learned a level 2 spell: Wereblood
   406 | D:1      | Reached XP level 3. HP: 29/29 MP: 4/6
   410 | D:1      | Learned a level 3 spell: Spider Form
  1737 | D:3      | Noticed Terence
  1744 | D:3      | Killed Terence
  1745 | D:3      | Reached XP level 4. HP: 36/36 MP: 0/7
  1849 | D:3      | Reached skill level 1 in Poison Magic
  2137 | D:3      | Noticed a black bear
  2147 | D:3      | Killed a black bear
  2148 | D:3      | Reached skill level 1 in Stealth
  2148 | D:3      | Reached skill level 4 in Unarmed Combat
  2148 | D:3      | Reached XP level 5. HP: 21/41 MP: 4/9
  2783 | D:4      | Found a glowing golden altar of the Shining One.
  2786 | D:4      | Found a shadowy altar of Dithmenos.
  2800 | D:4      | Reached XP level 6. HP: 37/48 MP: 7/10
  2965 | D:4      | Found a staircase to the Ecumenical Temple.
  2976 | Temple   | Entered the Ecumenical Temple
  3167 | Temple   | Became a worshipper of Sif Muna the Loreminder
  3344 | D:4      | Learned a level 4 spell: Ice Form
  3409 | D:4      | Found a basalt altar of Yredelemnul.
  3961 | D:4      | Noticed Eustachio
  3980 | D:4      | Killed Eustachio
  3981 | D:4      | Reached skill level 5 in Unarmed Combat
  4188 | D:5      | Entered Level 5 of the Dungeon
  4192 | D:5      | Noticed an ice beast
  4235 | D:5      | Your scales start taking on a golden yellow colour.
  4235 | D:5      | Reached XP level 7. HP: 28/53 MP: 8/12
  4235 | D:5      | Gained mutation: You are resistant to acid. (rCorr) [Yellow
                  | Draconian growth]
  5011 | D:5      | HP: 1/55 [gnoll sergeant/+3 heavy spear (6)]
  5013 | D:5      | Reached * piety under Sif Muna
  5440 | D:5      | Reached XP level 8. HP: 62/62 MP: 10/14
  5500 | D:5      | Reached skill level 6 in Unarmed Combat
  6044 | D:6      | Learned a level 5 spell: Blade Hands
  6114 | D:6      | Gained mutation: You sometimes lose your temper in combat.
                  | [mutagenic glow]
  6324 | D:6      | Reached ** piety under Sif Muna
  6632 | D:7      | Reached skill level 7 in Unarmed Combat
  6728 | D:8      | Reached skill level 5 in Transmutations
  6812 | D:7      | HP: 2/62 [water moccasin (9)]
  6819 | D:7      | Reached XP level 9. HP: 19/68 MP: 16/16
  7897 | D:8      | Reached skill level 5 in Spellcasting
  8029 | D:8      | Noticed a cyclops
  8053 | D:8      | Found Waconwog's Magic Scroll Shoppe.
  8062 | D:8      | Bought a scroll of blinking for 112 gold pieces
  8062 | D:8      | Bought a scroll of amnesia for 60 gold pieces
  8062 | D:8      | Bought a scroll of identify for 30 gold pieces
  8062 | D:8      | Bought a scroll of silence for 142 gold pieces
  8263 | D:8      | Found a glowing silver altar of Zin.
  8274 | D:8      | Reached skill level 8 in Unarmed Combat
  8346 | D:8      | Found a runed translucent door.
  8351 | D:8      | Killed a cyclops
  8352 | D:8      | Reached skill level 5 in Dodging
  8603 | D:8      | Slain by a jumping spider

Illustrated notes

Levels and vault maps discovered:
D:1:      mushboom_english_gardens, layout_loops_ring
D:2:      layout_rooms, minmay_octomino_c4
D:3:      layout_basic, uniq_terence
D:4:      layout_basic, yredelemnul_forgotten_temple_becter,
          chequers_temple_overflow_statue_of_worship, minmay_temple_entry_mist,
          grunt_ministairs_15, uniq_eustachio
D:5:      layout_rooms
D:6:      layout_cave_pools, serial_glass, glass_columns_a, glass_columns_a,
          minmay_misc_feat_hallway
D:7:      layout_loops_ring, enter_bailey_2
D:8:      gammafunk_indiana_jones, layout_cave_pools,
          nicolae_overflow_hidden_temple, serial_shops, shop
D:9:      layout_gridville, trog_three_pillars_becter,
          erik_lair_orcish_takeover, kennysheep_orc_monster_closet_entryway
Temple:   bh_familiar_temple

Skill      XL: |  1  2  3  4  5  6  7  8  9 |
---------------+----------------------------+-----
Dodging        | 2 3 4 5 |  5.1
Poison Magic   | 1 2 3 |  3.9
Stealth        | 1 2 |  2.7
Unarmed Combat | 4 5 7 8 |  8.4
Spellcasting   | 3 4 5 |  5.8
Transmutations | 3 4 5 |  5.9
Fighting       | 2 3 |  3.2

Action                     |  1- 3 |  4- 6 |  7- 9 || total
---------------------------+-------+-------+-------++-------
  Melee: Unarmed           |   103 |   100 |   293 ||   496
         Kick              |    15 |     2 |       ||    17
         Tailslap          |     3 |     2 |    17 ||    22
         Headbutt          |     3 |       |     1 ||     4
         Punch             |     2 |     1 |     1 ||     4
   Cast: Beastly Appendage |    19 |     7 |     5 ||    31
         Wereblood         |     2 |     1 |     2 ||     5
         Spider Form       |    12 |    20 |    33 ||    65
         Blade Hands       |       |       |     8 ||     8
    Use: Potion            |       |       |    10 ||    10
         Scroll            |       |       |    11 ||    11
   Stab: Sleeping          |       |     1 |     1 ||     2
 Armour: Skin              |    21 |    14 |    78 ||   113
  Dodge: Dodged            |    81 |    80 |   272 ||   433
